 Dungeon Crawl Stone Soup version 0.21.1-1-g345015f (webtiles) character file.

49 shakethe the Grave Robber (level 3, -2/26 HPs)
             Began as a Demonspawn Necromancer on Feb 19, 2018.
             Slain by a jackal (3 damage)
             ... on level 1 of the Dungeon.
             The game lasted 00:03:24 (1076 turns).

shakethe the Grave Robber (Demonspawn Necromancer)  Turns: 1076, Time: 00:03:25

Health: -2/26      AC:  2    Str:  8    XL:     3   Next: 53%
Magic:  4/6        EV: 12    Int: 17    God:
Gold:   65         SH:  0    Dex: 13    Spells: 6/7 levels left

rFire    . . .     SeeInvis .   e - +0 mace
rCold    . . .     Gourm    .   (no shield)
rNeg     . . .     Faith    .   h - +0 robe (curse)
rPois    .         Spirit   .   (no helmet)
rElec    .         Reflect  .   (no cloak)
rCorr    .         Harm     .   (no gloves)
MR       .....                  (no boots)
Stlth    ++........             (no amulet)
HPRegen  0.08/turn              (no ring)
MPRegen  0.10/turn              (no ring)

@: no status effects
A: spiny 1
a: no special abilities


You were on level 1 of the Dungeon.
You were not hungry.

You visited 1 branch of the dungeon, and saw 2 of its levels.

You collected 65 gold pieces.

Inventory:

Hand Weapons
 d - a +0 dagger
   (You found it on level 1 of the Dungeon)
 e - a +0 mace (weapon)
   (You found it on level 1 of the Dungeon)
Armour
 a - a +0 robe
 h - a cursed +0 robe (worn)
   (You found it on level 1 of the Dungeon)
Scrolls
 j - 2 scrolls of fog {unknown}
 m - a scroll of remove curse {unknown}
Potions
 g - a potion of haste {unknown}
 i - 2 potions of curing {unknown}
 k - a potion of invisibility {unknown}
 l - a potion of magic {unknown}
Books
 b - a book of Necromancy
Comestibles
 c - 2 rations
 f - 2 chunks of flesh {@w0@w0}


   Skills:
 + Level 1.5 Fighting
 - Level 1.9 Dodging
 - Level 1.9 Stealth
 + Level 2.6 Spellcasting
 + Level 4.9 Necromancy


You had 6 spell levels left.
You knew the following spells:

 Your Spells              Type           Power        Failure   Level  Hunger
a - Pain                  Necr           ###.         2%          1    #......


Dungeon Overview and Level Annotations

Branches:
Dungeon (2/15)

Altars:


Innate Abilities, Weirdness & Mutations

You are partially covered in sharp spines.


Message History

j - 2 scrolls labeled XISSECZEIF (gained 1)
A bat comes into view.
The bat is struck by your spines. The bat hits you but does no damage.
Aim: a bat (moderately wounded, chance to defeat MR: 89%)
The bat writhes in agony!
You kill the bat!
You take 1 damage, and have 25/26 hp.
You now have 5/6 mp.
You see here a bat corpse.
You butcher the bat corpse.
f - 3 chunks of flesh {@w0@w0} (gained 1)
You see here a bat skeleton.
You see here a bat skeleton.
You see here a rat skeleton.
A hobgoblin comes into view.
Health restored: 26; MP restored: 6 The hobgoblin hits you.
You take 1 damage, and have 25/26 hp.
You closely miss the hobgoblin. The hobgoblin is struck by your spines.
The hobgoblin misses you.
Health restored: 26 You hit the hobgoblin.
You kill the hobgoblin!
Eating one of 3 chunks of flesh {@w0@w0}.
You eat one of the 3 chunks of flesh {@w0@w0}.
You enter a teleport trap!
The teleport trap disappears.
Your surroundings seem slightly different.
You see here a ring mail.
There is a stone staircase leading down here.
You climb downwards. 4 jackals and a dart slug come into view.
The jackal barks! x2; You hear a bark!
You hear an angry hiss.
Found 22 stones.
Found a stone staircase leading up and a stone staircase leading down.
There is a stone staircase leading up here.
A jackal comes into view.
The jackal barks!
An adder and a jackal come into view.
The dart slug launches a dart at you. The slug dart misses you.
There is a stone staircase leading up here.
The jackal closely misses you. x3
You climb upwards.
There is a stone staircase leading down here.
You miss the jackal. The jackal bites you. The jackal is struck by your spines.
The jackal closely misses you.
You take 3 damage, and have 23/26 hp.
You closely miss the jackal. The jackal bites you.
The jackal closely misses you.
You take 3 damage, and have 20/26 hp.
You hit the jackal.
You kill the jackal!
You see here a jackal corpse.
There is a stone staircase leading down here.
There is a stone staircase leading down here.
You climb downwards.
A quokka comes into view.
The jackal barks!
The adder bites you. The jackal barely misses you.
The adder is struck by your spines. The adder completely misses you.
The jackal bites you but does no damage.
The jackal barely misses you. The jackal closely misses you.
There is a stone staircase leading up here.
You take 2 damage, and have 19/26 hp.
The adder is struck by your spines. The adder bites you.
The jackal is struck by your spines. The jackal barely misses you.
The jackal is struck by your spines. The jackal barely misses you.
The jackal bites you. The jackal is struck by your spines.
The jackal bites you. The adder barely misses you.
You climb upwards.
There is a stone staircase leading down here.
You take 5 damage, and have 14/26 hp.
Aim: an adder (heavily wounded, chance to defeat MR: 84%)
The adder barely resists.
The jackal is struck by your spines. The jackal closely misses you.
The jackal barely misses you. The jackal bites you.
The jackal barely misses you. The adder closely misses you.
The jackal bites you. The jackal is struck by your spines.
The jackal bites you. The jackal is struck by your spines.
The jackal closely misses you. The jackal bites you.
* * * LOW HITPOINT WARNING * * *
You take 8 damage, and have 6/26 hp.
MASSIVE DAMAGE!!
You now have 5/6 mp.
The adder closely misses you. The jackal bites you.
* * * LOW HITPOINT WARNING * * *
The jackal bites you.
* * * LOW HITPOINT WARNING * * *
You take 4 damage, and have 2/26 hp.
Aim: an adder (heavily wounded, chance to defeat MR: 84%)
The adder writhes in agony!
You kill the adder!
The jackal is struck by your spines.
You kill the jackal!
The jackal bites you but does no damage.
The jackal closely misses you.
You take 1 damage, and have 1/26 hp.
You now have 4/6 mp.
You closely miss the jackal. The jackal barely misses you.
The jackal bites you.
You die...

##################
#..........#.....##
##.###.....[.......##
#...................#
#...................##
######....h................
#.........@h...............
#.........h†.....[.........
#####.........#................
#.............##.....#..>†.....
#.............#############....
#.........#.#.####### #....
#....................#######...
#.........#.#.########.....###.
#....##.###.#..# ##...#.#...##


You could see 3 jackals.

Vanquished Creatures
  An adder (D:1)
  3 oozes (D:1)
  A dart slug (D:1)
  A leopard gecko (D:1)
  2 giant cockroaches (D:1)
  2 goblins (D:1)
  2 hobgoblins (D:1)
  2 jackals (D:1)
  3 kobolds (D:1)
  2 bats (D:1)
  2 frilled lizards (D:1)
  5 rats (D:1)
26 creatures vanquished.

Notes
Turn   | Place    | Note
-------+----------+-------------------------------------------
     0 | D:1      | shakethe the Demonspawn Necromancer began the quest for the Orb.
     0 | D:1      | Reached XP level 1. HP: 13/13 MP: 3/3
   275 | D:1      | Gained mutation: You are partially covered in sharp spines. [demonic ancestry]
   275 | D:1      | Reached XP level 2. HP: 20/20 MP: 5/5
   381 | D:1      | Reached skill level 1 in Fighting
   695 | D:1      | Reached XP level 3. HP: 22/26 MP: 4/6
  1073 | D:1      | HP: 6/26 [jackal (3)]
  1074 | D:1      | HP: 2/26 [jackal (2)]
  1076 | D:1      | Slain by a jackal

Skill      XL: |  1  2 |
---------------+-------+-----
Fighting       | 1 |  1.5
Dodging        | |  1.9
Stealth        | |  1.9
Spellcasting   | |  2.6
Necromancy     | |  4.9

Action                   || total
-------------------------++-------
Melee: Mace              ||    32
 Cast: Pain              ||    22
  Eat: Chunk             ||     1
Armor: Robe              ||    10
Dodge: Dodged            ||    47

Vault maps used:
D:1:      dpeg_arrival_central
D:2:      minmay_misc_feat_x, st_stairs_12

Table legend:
 A = Turns spent in this place as a percentage of turns spent in the entire game.
 B = Non-inter-level travel turns spent in this place as a percentage of non-inter-level travel turns spent in the entire game.
 C = Inter-level travel turns spent in this place as a percentage of turns spent in this place.
 D = Turns resting spent in this place as a percentage of non-inter-level travel turns spent in this place.
 E = Turns spent auto-exploring this place as a percentage of non-inter-level travel turns spent in this place.
 F = Non-inter-level travel turns spent in this place divided by the number of levels of this place that you've seen.
                   A       B       C       D       E      F
               +-------+-------+-------+-------+-------+----------------------
         Total | 100.0 | 100.0 |   0.0 |  39.9 |  32.9 | 538.0
       Dungeon | 100.0 | 100.0 |   0.0 |  39.9 |  32.9 | 538.0
               +-------+-------+-------+-------+-------+----------------------

Table legend:
 A = Kills in this place as a percentage of kills in entire the game.
 B = Kills by you in this place as a percentage of kills by you in the entire game.
 C = Kills by friends in this place as a percentage of kills by friends in the entire game.
 D = Other kills in this place as a percentage of other kills in the entire game.
 E = Experience gained in this place as a percentage of experience gained in the entire game.
 F = Experience gained in this place divided by the number of levels of this place that you have seen.
                   A       B       C       D       E      F
               +-------+-------+-------+-------+-------+----------------------
         Total | 100.0 | 100.0 |   N/A |   N/A | 100.0 |  35.5
       Dungeon | 100.0 | 100.0 |   N/A |   N/A | 100.0 |  35.5
               +-------+-------+-------+-------+-------+----------------------
